Map: Data-C

Players

csfalcon

  • Race: Terran Terran
  • Spawn Location: 3:00

Maplez - Winner!

  • Race: Protoss Protoss
  • Spawn Location: 9:00

Event: DreamHack SC2 Masters 2022 Atlanta (Offline)

VOD

Have the link to the VOD?

Description

Time

  • Played on: Nov. 18, 2022, 1:31 p.m.
  • Length: 5:34

All games in this series

Show
View Real Time Build Order
Export as new Build Order

csfalcon Terran 

Build Orders: Cyclone Opening 

Get SALT Encoding   

  12  0:00  SCV  
  13  0:12  SCV  
  14  0:18  Supply Depot  
  14  0:24  SCV  
  15  0:39  SCV  
  15  0:41  Barracks  
  16  0:51  Refinery, SCV  
  16  0:55  Refinery  
  17  1:03  SCV  
  18  1:15  SCV  
  19  1:19  Supply Depot  
  19  1:32  Reaper, Orbital Command  
  20  1:48  Factory  
  20  1:58  SCV  
  21  2:05  Barracks Reactor  
  21  2:10  SCV  
  22  2:22  SCV  
  23  2:36  Starport  
  23  2:37  SCV, Factory Tech Lab  
  23  2:44  Marine x2  
  23  2:49  SCV  
  26  2:55  Cyclone  
  29  2:59  Supply Depot  
  29  3:02  Marine x2  
  31  3:06  Starport  
  31  3:20  SCV, Medivac  
  34  3:32  SCV  
  35  3:38  Marine x2  
  37  3:44  Supply Depot, SCV  
  38  3:56  Starport Tech Lab  
  38  4:04  Starport Tech Lab  
  38  4:07  Command Center  
  38  4:15  Banshee, Cloaking Field  
  38  4:17  Banshee  
  44  4:26  Supply Depot  
  44  4:28  SCV  
  45  4:40  SCV  
  45  4:44  Marine  
  45  4:45  Marine  
  45  4:52  SCV, Factory Tech Lab  
  27  5:15  SCV  
Show
View Real Time Build Order
Export as new Build Order

Maplez Protoss - Winner!

Build Orders: 1 Gate Expand, Blink Stalkers 

Get SALT Encoding   

  12  0:00  Probe  
  13  0:12  Probe  
  14  0:17  Pylon  
  14  0:24  Probe (Chrono Boost)  
  15  0:36  Probe (Chrono Boost)  
  15  0:37  Gateway  
  16  0:44  Probe (Chrono Boost)  
  16  0:47  Assimilator  
  17  0:51  Probe  
  18  1:03  Probe  
  19  1:15  Probe  
  22  1:27  Cybernetics Core  
  22  1:36  Nexus  
  20  1:40  Pylon  
  20  1:42  Probe  
  21  1:52  Assimilator  
  21  1:54  Probe  
  21  2:00  Adept (Chrono Boost)  
  22  2:05  Warp Gate  
  22  2:06  Probe  
  25  2:18  Probe  
  25  2:21  Stalker (Chrono Boost)  
  28  2:30  Probe  
  28  2:35  Twilight Council  
  29  2:44  Probe  
  29  2:47  Probe, Stalker  
  33  2:56  Probe  
  34  2:59  Probe  
  34  3:01  Gateway  
  34  3:04  Blink (Chrono Boost)  
  35  3:09  Probe  
  35  3:12  Probe  
  37  3:21  Probe  
  37  3:24  Probe  
  37  3:25  Pylon  
  39  3:29  Shield Battery  
  39  3:33  Probe  
  38  3:36  Robotics Facility  
  38  3:37  Probe  
  39  3:45  Probe  
  39  3:47  Gateway  
  40  3:49  Probe  
  41  3:56  Stalker  
  41  3:57  Probe  
  41  3:59  Stalker  
  41  4:01  Probe  
  47  4:07  Shield Battery  
  48  4:12  Gateway  
  46  4:17  Probe  
  46  4:20  Probe  
  46  4:23  Stalker  
  50  4:25  Observer  
  50  4:28  Stalker  
  50  4:29  Probe  
  53  4:32  Probe  
  52  4:42  Probe  
  54  4:51  Pylon x2  
  54  4:55  Probe, Pylon  
  54  5:09  Probe x2  
  54  5:10  Pylon  
  54  5:11  Stalker  
  54  5:12  Stalker x2  
  64  5:21  Probe  
Tags
 
Add a new tag
Caveats
  • Supply blocks, unpowered buildings, or Contaminate may cause inaccurate times.
  • Supply counts are checked every 10 seconds.